Map: 大气2000-天梯版

Players

iGMacSed (MacSed)

  • Race: Protoss Protoss

JieShi - Winner!

  • Race: Protoss Protoss
  • League: Master

Event: DreamHack SC2 Masters 2021 Summer

VOD

Have the link to the VOD?

Description

Time

  • Played on: May 26, 2021, 9:15 a.m.
  • Length: 12:33

All games in this series

Show
View Real Time Build Order
Export as new Build Order

iGMacSed Protoss 

Build Orders: Zealot Archon 

Get SALT Encoding   

  12  0:00  Probe  
  13  0:12  Probe  
  14  0:16  Pylon  
  14  0:24  Probe (Chrono Boost)  
  15  0:36  Probe (Chrono Boost), Gateway  
  16  0:44  Probe (Chrono Boost)  
  16  0:46  Assimilator  
  17  0:50  Probe  
  17  0:55  Assimilator  
  18  1:03  Probe (Chrono Boost)  
  19  1:07  Gateway  
  19  1:15  Probe (Chrono Boost)  
  20  1:20  Probe (Chrono Boost)  
  21  1:26  Cybernetics Core  
  21  1:29  Probe  
  22  1:35  Pylon  
  22  1:41  Probe  
  23  1:53  Probe  
  24  2:01  Warp Gate  
  24  2:03  Sentry  
  24  2:08  Stalker  
  28  2:10  Pylon  
  28  2:13  Probe  
  29  2:26  Pylon  
  29  2:29  Stalker  
  31  2:38  Stalker  
  33  2:52  Nexus  
  33  2:58  Shield Battery  
  33  3:02  Probe  
  34  3:14  Probe  
  35  3:22  Pylon  
  35  3:26  Probe (Chrono Boost)  
  35  3:34  Twilight Council  
  35  3:38  Probe (Chrono Boost)  
  35  3:39  Pylon  
  36  3:47  Probe (Chrono Boost), Robotics Facility  
  37  3:52  Probe (Chrono Boost)  
  38  3:58  Adept x2  
  42  4:04  Probe (Chrono Boost)  
  42  4:07  Probe (Chrono Boost)  
  44  4:12  Blink (Chrono Boost)  
  44  4:13  Probe (Chrono Boost)  
  44  4:14  Probe (Chrono Boost)  
  46  4:19  Probe (Chrono Boost)  
  46  4:21  Probe  
  48  4:31  Probe, Forge  
  49  4:33  Probe  
  49  4:34  Observer (Chrono Boost)  
  51  4:40  Stalker  
  51  4:41  Stalker  
  51  4:43  Probe  
  51  4:45  Probe  
  57  4:51  Immortal  
  61  4:55  Probe  
  61  4:57  Protoss Ground Weapons Level 1 (Chrono Boost)  
  61  4:59  Pylon  
  62  5:10  Pylon  
  62  5:17  Probe x2  
  62  5:18  Assimilator  
  62  5:20  Observer  
  64  5:25  Stalker  
  64  5:27  Gateway  
  66  5:28  Gateway, Stalker  
  66  5:29  Probe  
  69  5:36  Probe  
  69  5:40  Observer  
  71  5:48  Nexus  
  67  5:50  Pylon  
  67  5:54  Probe  
  68  5:57  Adept x2  
  68  6:03  Probe  
  73  6:09  Probe  
  74  6:12  Charge (Chrono Boost)  
  74  6:15  Shield Battery  
  74  6:19  Probe  
  74  6:24  Gateway  
  75  6:26  Gateway  
  75  6:27  Gateway  
  75  6:28  Probe  
  76  6:34  Probe  
  73  6:40  Observer  
  73  6:45  Protoss Ground Weapons Level 2 (Chrono Boost)  
  73  6:51  Probe x2  
  73  6:54  Gateway  
  75  6:55  Templar Archives  
  75  7:04  Probe x3  
  75  7:06  Observer  
  78  7:11  Gateway  
  78  7:13  Gateway  
  78  7:14  Pylon  
  78  7:16  Probe x2, Zealot x4, Pylon  
  78  7:21  Warp Prism  
  90  7:24  Probe  
  90  7:29  Observer  
  91  7:30  Zealot x2  
  91  7:31  Zealot  
  97  7:41  High Templar x3  
  103  7:46  High Templar  
  103  7:49  Nexus  
  103  7:51  Pylon  
  105  7:52  Archon x2, Pylon  
  105  7:56  Zealot x3  
  105  7:58  Zealot  
  113  8:08  Pylon  
  113  8:09  Photon Cannon  
  113  8:20  High Templar  
  113  8:22  High Templar  
  113  8:23  Zealot x7  
  113  8:25  Zealot  
  133  8:29  Archon  
  133  8:33  Photon Cannon  
  132  8:34  Shield Battery  
  132  8:46  Pylon  
  132  8:47  Pylon, Zealot x4  
  140  9:02  High Templar  
  140  9:03  High Templar, Zealot x4  
  140  9:07  Archon  
  144  9:13  Zealot x4  
  110  9:21  Observer  
  92  9:24  Zealot x4  
  86  9:33  Zealot x4  
  86  9:34  Observer  
  86  9:35  Immortal (Chrono Boost)  
  72  9:39  Observer  
  72  9:40  Stalker x4  
  72  9:45  Zealot x5  
  78  9:49  Protoss Ground Weapons Level 3 (Chrono Boost)  
  82  9:57  Probe x2  
  84  10:02  Zealot  
  84  10:03  Zealot x4  
  94  10:12  Zealot x2  
  98  10:15  Shield Battery  
  98  10:16  Zealot x3  
  103  10:23  Zealot x3  
  103  10:28  Stalker x2  
  113  10:41  Zealot x4  
  113  10:42  Zealot  
  119  10:50  Observer  
  119  10:52  High Templar x2  
  119  10:53  Zealot x3  
  127  10:57  Observer  
  127  10:58  Archon  
  127  11:02  Zealot x4  
  127  11:03  Zealot  
  137  11:09  Shield Battery  
  135  11:21  Zealot x3  
  135  11:24  Zealot x4  
  149  11:26  Stalker x3  
  155  11:34  Pylon x2  
  155  11:42  Zealot x3  
  161  11:50  Zealot x3  
  141  11:54  Zealot x4  
  101  12:03  Zealot x3  
  93  12:15  Zealot x7  
Show
View Real Time Build Order
Export as new Build Order

JieShi Protoss - Winner!

Build Orders: Blink Stalkers, Zealot Archon 

Get SALT Encoding   

  12  0:00  Probe  
  13  0:12  Probe  
  14  0:17  Pylon  
  14  0:25  Probe (Chrono Boost)  
  16  0:37  Probe (Chrono Boost), Gateway  
  16  0:43  Probe (Chrono Boost)  
  16  0:46  Assimilator  
  17  0:51  Probe  
  17  0:55  Assimilator  
  18  1:03  Probe (Chrono Boost)  
  19  1:09  Gateway  
  19  1:12  Probe (Chrono Boost)  
  19  1:17  Probe (Chrono Boost)  
  21  1:26  Cybernetics Core  
  21  1:29  Probe  
  22  1:36  Pylon  
  22  1:41  Probe  
  23  1:54  Probe  
  24  2:02  Warp Gate  
  24  2:03  Stalker x2  
  28  2:08  Pylon  
  28  2:25  Probe  
  28  2:27  Pylon  
  30  2:37  Probe  
  30  2:47  Sentry  
  30  2:49  Probe  
  33  2:56  Twilight Council  
  33  2:57  Nexus  
  33  3:01  Probe  
  34  3:07  Shield Battery  
  34  3:13  Probe  
  34  3:16  Pylon  
  35  3:25  Probe  
  36  3:28  Blink (Chrono Boost)  
  36  3:37  Probe (Chrono Boost)  
  37  3:47  Forge  
  38  3:49  Probe (Chrono Boost)  
  38  3:56  Probe (Chrono Boost)  
  38  3:57  Stalker  
  41  4:03  Stalker  
  41  4:06  Probe (Chrono Boost)  
  44  4:10  Probe (Chrono Boost)  
  46  4:19  Probe (Chrono Boost), Protoss Ground Weapons Level 1 (Chrono Boost)  
  46  4:20  Probe (Chrono Boost)  
  47  4:28  Probe, Stalker x2  
  47  4:30  Probe  
  53  4:40  Probe  
  53  4:42  Probe  
  55  4:53  Nexus  
  55  4:55  Probe x2, Pylon  
  57  5:00  Robotics Facility  
  57  5:10  Probe x2  
  57  5:13  Gateway  
  59  5:15  Gateway  
  59  5:20  Assimilator  
  59  5:23  Pylon  
  59  5:24  Gateway  
  59  5:27  Gateway  
  59  5:30  Shield Battery  
  59  5:32  Probe  
  59  5:33  Probe  
  61  5:37  Stalker  
  63  5:44  Probe  
  63  5:45  Probe  
  65  5:53  Observer (Chrono Boost)  
  65  5:56  Pylon  
  65  5:57  Charge  
  66  5:59  Probe (Chrono Boost)  
  66  6:00  Pylon, Sentry  
  66  6:01  Stalker  
  71  6:06  Probe (Chrono Boost)  
  71  6:09  Immortal  
  78  6:13  Probe (Chrono Boost)  
  78  6:14  Protoss Ground Weapons Level 2 (Chrono Boost)  
  78  6:15  Probe x2 (Chrono Boost)  
  78  6:18  Photon Cannon  
  79  6:20  Probe (Chrono Boost)  
  79  6:21  Probe x2  
  82  6:32  Stalker x2  
  83  6:33  Observer  
  85  6:42  Stalker  
  85  6:43  Probe, Stalker  
  85  6:44  Probe  
  90  6:48  Pylon  
  90  6:50  Gateway  
  90  6:51  Gateway  
  90  6:59  Pylon  
  94  7:03  Pylon  
  94  7:06  Photon Cannon  
  94  7:08  Warp Prism  
  94  7:09  Shield Battery  
  94  7:14  Templar Archives  
  94  7:15  Pylon  
  92  7:18  Probe  
  92  7:19  Probe  
  94  7:25  Zealot x4  
  94  7:29  Pylon  
  102  7:32  Zealot x2  
  106  7:38  Nexus  
  106  7:43  Immortal (Chrono Boost)  
  110  7:52  High Templar x2  
  110  7:53  Zealot x3  
  110  7:55  Zealot  
  110  7:56  Archon  
  122  8:00  Photon Cannon  
  122  8:02  Shield Battery  
  122  8:03  Probe x2  
  122  8:04  Probe  
  125  8:11  Zealot x2  
  129  8:15  Protoss Ground Weapons Level 3 (Chrono Boost)  
  129  8:18  Warp Prism (Chrono Boost)  
  127  8:25  Zealot x3  
  135  8:32  Pylon  
  135  8:40  Zealot x2  
  135  8:41  Zealot x2  
  141  8:43  Pylon  
  141  8:44  Photon Cannon  
  141  8:46  Pylon  
  141  8:56  High Templar x2, Zealot x2  
  141  9:00  Archon  
  141  9:01  Zealot  
  141  9:02  Zealot x3  
  115  9:19  Zealot x2  
  115  9:23  Zealot  
  105  9:24  Zealot x3  
  105  9:28  Warp Prism  
  105  9:30  Zealot  
  101  9:31  Zealot  
  101  9:37  Observer  
  89  9:43  Probe (Chrono Boost)  
  89  9:44  High Templar  
  89  9:45  High Templar, Zealot x4  
  102  9:50  Gateway  
  102  9:51  Gateway, Archon  
  103  9:53  Probe (Chrono Boost), Immortal  
  103  9:54  Zealot x2  
  107  10:05  Zealot  
  107  10:06  Zealot x2, Stalker  
  119  10:15  Probe  
  120  10:27  Probe, High Templar x2, Zealot x4  
  120  10:28  Zealot  
  135  10:29  Immortal  
  135  10:31  Archon  
  135  10:39  Probe  
  135  10:41  Zealot  
  140  10:42  Observer  
  140  10:45  Pylon  
  140  10:47  Zealot  
  140  10:48  Zealot x5  
  146  10:50  Zealot  
  146  10:56  Nexus  
  148  10:58  Pylon  
  148  11:09  Zealot x2  
  148  11:10  Zealot x6  
  148  11:11  Zealot x2  
  164  11:29  Photon Cannon, Shield Battery  
  164  11:31  Zealot x3  
  164  11:32  Stalker x5  
  180  11:33  Zealot  
  182  11:43  Stalker  
  182  11:52  Zealot  
  182  11:53  Zealot x2  
  161  11:56  Zealot x4  
  161  11:57  Zealot x2  
  94  12:14  Zealot x2  
  94  12:15  Zealot  
  96  12:16  Zealot x3  
  96  12:17  Stalker x3  
  106  12:25  Stalker  
Tags
 
Add a new tag
Caveats
  • Supply blocks, unpowered buildings, or Contaminate may cause inaccurate times.
  • Supply counts are checked every 10 seconds.